Map: Taito Citadel LE

Players

LiquidMaNa (MaNa) - Winner!

  • Race: Protoss Protoss
  • League: Grandmaster
  • Spawn Location: 11:00

HolyHit

  • Race: Protoss Protoss
  • League: Grandmaster
  • Spawn Location: 5:00

VOD

Have the link to the VOD?

Description

Time

  • Played on: Jan. 30, 2026, 11 a.m.
  • Length: 5:31
Show
View Real Time Build Order
Export as new Build Order

LiquidMaNa Protoss - Winner!

Build Orders: Oracle Opening 

Get SALT Encoding   

  12  0:00  Probe  
  13  0:12  Probe  
  14  0:17  Pylon  
  14  0:24  Probe  
  15  0:32  Probe  
  15  0:37  Gateway  
  15  0:40  Probe  
  17  0:51  Probe  
  17  0:53  Assimilator  
  18  0:59  Probe  
  19  1:04  Assimilator  
  19  1:05  Pylon  
  19  1:07  Probe  
  20  1:17  Probe  
  20  1:24  Cybernetics Core  
  21  1:29  Probe  
  21  1:30  Zealot  
  24  1:41  Probe  
  25  1:58  Probe  
  25  2:00  Stargate  
  26  2:01  Adept  
  28  2:22  Nexus  
  28  2:27  Pylon  
  28  2:31  Warp Gate  
  28  2:35  Stalker  
  28  2:41  Oracle  
  30  2:49  Probe  
  33  3:02  Shield Battery  
  33  3:04  Stalker  
  33  3:25  Gateway  
  33  3:27  Void Ray  
  37  3:39  Shield Battery  
  37  4:00  Void Ray  
  37  4:02  Probe  
  42  4:15  Shield Battery  
  38  4:26  Probe x2, Stalker x2  
  42  4:35  Void Ray  
  39  4:43  Probe  
  44  4:51  Probe  
  45  4:55  Probe  
  42  5:01  Stalker  
  42  5:03  Probe  
  45  5:08  Probe  
  45  5:14  Pylon  
  45  5:15  Probe  
  46  5:21  Pylon  
Show
View Real Time Build Order
Export as new Build Order

HolyHit Protoss 

Build Orders:  

Get SALT Encoding   

  12  0:00  Probe  
  13  0:12  Probe  
  14  0:18  Pylon  
  14  0:24  Probe  
  15  0:32  Probe  
  15  0:38  Gateway  
  15  0:40  Probe  
  16  0:46  Assimilator  
  17  0:51  Probe  
  17  0:54  Assimilator  
  18  1:02  Probe  
  19  1:08  Gateway  
  19  1:10  Probe  
  20  1:18  Probe  
  21  1:26  Cybernetics Core  
  21  1:29  Probe  
  22  1:36  Pylon  
  22  1:41  Probe  
  24  2:02  Robotics Facility  
  24  2:04  Stalker, Warp Gate  
  26  2:09  Stalker  
  27  2:19  Pylon  
  27  2:31  Stalker  
  29  2:40  Immortal  
  29  2:42  Stalker  
  35  3:02  Shield Battery  
  35  3:10  Warp Prism  
  34  3:19  Shield Battery  
  36  3:25  Sentry  
  38  3:31  Pylon  
  35  3:53  Stalker  
  36  4:02  Stalker  
  38  4:04  Immortal  
  36  4:22  Stalker  
  32  4:29  Stalker  
  32  4:48  Stalker  
  32  4:52  Warp Prism  
  28  5:13  Stalker  
Tags
 
Add a new tag
Caveats
  • Supply blocks, unpowered buildings, or Contaminate may cause inaccurate times.
  • Supply counts are checked every 10 seconds.